 Dungeon Crawl Stone Soup version 0.28.0-45-g0d030f2227 (webtiles) character file.

Game seed: 14259825386081254658

4480 Peloso the Carver (level 10, -1/88 HPs)
             Began as a Minotaur Fighter on Apr 3, 2022.
             Killed from afar by a steam dragon (11 damage)
             ... with a ball of steam
             ... on level 8 of the Dungeon.
             The game lasted 00:17:43 (9161 turns).

Peloso the Carver (Minotaur Fighter)                Turns: 9161, Time: 00:17:44

Health: -1/88      AC: 15    Str: 22    XL:     10   Next: 16%
Magic:  9/9        EV:  7    Int:  5    God:
Gold:   847        SH: 11    Dex: 13    Spells: 9/9 levels left

rFire   . . .      SeeInvis .   a - +1 long sword
rCold   . . .      Faith    .   c - +0 buckler
rNeg    . . .      Spirit   .   n - +0 plate armour
rPois   +          Reflect  +   (helmet restricted)
rElec   .          Harm     .   s - +0 cloak
rCorr   .          Rampage  .   (no gloves)
Will    .....                   (no boots)
Stlth   ..........              B - amulet of reflection
HPRegen 0.24/turn               z - ring of poison resistance
MPRegen 0.11/turn               (no ring)

@: no status effects
A: horns 2, retaliatory headbutt
a: no special abilities


You were on level 8 of the Dungeon.
You visited 2 branches of the dungeon, and saw 9 of its levels.
You also visited: Bailey.

You collected 847 gold pieces.

Inventory:

Hand Weapons
 a - a +1 long sword (weapon)
Armour
 b - a +0 scale mail
 c - a +0 buckler (worn)
 k - a +0 scale mail of cold resistance
 n - a +0 plate armour (worn)
 p - a +0 chain mail
 s - a +0 cloak (worn)
Jewellery
 q - a ring of see invisible
 z - a ring of poison resistance (left hand)
 B - an amulet of reflection (around neck)
Wands
 d - a wand of flame (18)
 v - a wand of acid (5)
 C - a wand of digging (1)
Scrolls
 e - 11 scrolls of identify {unknown}
 f - a scroll of fog
 l - a scroll of holy word {unknown}
 m - 3 scrolls of amnesia
 x - 2 scrolls of teleportation
 y - a scroll of fear
Potions
 g - 2 potions of attraction {unknown}
 h - 2 potions of haste {unknown}
 i - 4 potions of flight
 j - a potion of ambrosia {unknown}
 r - a potion of mutation {unknown}
 t - a potion of degeneration {unknown}
 u - 3 potions of curing {unknown}
 w - a potion of magic {unknown}
 A - a potion of brilliance {unknown}


   Skills:
 + Level 8.0 Fighting
 + Level 9.8 Long Blades
 + Level 9.5 Armour
 + Level 2.8 Dodging
 + Level 1.5 Stealth
 + Level 9.5 Shields
 + Level 1.0 Evocations


You had 9 spell levels left.
You didn't know any spells.
Your spell library contained the following spells:

 Spells                   Type           Power      Damage    Failure   Level
 Foxfire                  Conj/Fire      0%         2x1d4     100%        1
 Sandblast                Erth           0%         2d4       100%        1
 Passwall                 Tmut/Erth      0%         N/A       100%        2
 Conjure Flame            Conj/Fire      0%         6-21      100%        3
 Ignite Poison            Fire/Tmut/Pois 0%         N/A       100%        3
 Inner Flame              Hex/Fire       0%         N/A       100%        3
 Mephitic Cloud           Conj/Pois/Air  0%         N/A       100%        3
 Stone Arrow              Conj/Erth      0%         3d7       100%        3
 Flame Wave               Conj/Fire      0%         2d4       100%        4
 Freezing Cloud           Conj/Ice/Air   0%         6-21      100%        5


Dungeon Overview and Level Annotations

Branches:
Dungeon (8/15)             Temple (1/1) D:6          Bailey (visited)
   Lair: D:8-11

Altars:
Ashenzari
Cheibriados
Dithmenos
Gozag
Hepliaklqana
Kikubaaqudgha
Makhleb
Ru
Sif Muna
Trog
Uskayaw
Vehumet
Wu Jian
Xom
Yredelemnul
Zin
Jiyva


Innate Abilities, Weirdness & Mutations

You have a pair of horns on your head.
You reflexively headbutt those who attack you in melee.


Message History

You closely miss the steam dragon. You headbutt the steam dragon!
The steam dragon is moderately wounded.
You are engulfed in a cloud of scalding steam.
* * * LOW HITPOINT WARNING * * *
The white imp is engulfed in a cloud of scalding steam.
The white imp hits you.
* * * LOW HITPOINT WARNING * * *
The white imp freezes you.
* * * LOW HITPOINT WARNING * * *
The steam dragon bites you but does no damage.
The steam dragon claws you but does no damage.
You barely miss the steam dragon.
The steam dragon is moderately wounded.
You block the white imp's attack. The steam dragon bites you.
* * * LOW HITPOINT WARNING * * *
The steam dragon claws you but does no damage.
Unknown command.
You barely miss the steam dragon.
The steam dragon is moderately wounded.
The white imp gestures at you. The puff of frost hits you.
* * * LOW HITPOINT WARNING * * *
The steam dragon breathes steam at you.
The ball of steam hits you but does no damage.
Okay, then.
You hit the steam dragon.
The steam dragon is moderately wounded.
You are engulfed in a cloud of scalding steam.
You block the white imp's attack.
The steam dragon bites you but does no damage.
You block the steam dragon's attack.
Unknown command.
You hit the steam dragon. You headbutt the steam dragon.
The steam dragon is heavily wounded.
You are engulfed in a cloud of scalding steam.
* * * LOW HITPOINT WARNING * * *
You block the white imp's attack. The steam dragon breathes steam at you.
The ball of steam hits you!
You die...

####..........#
..............#
..............##
.............>..
..............#
..............#
.......)......#
.......5D.....#
....####@######
... #)# ...... #§#
.....
####§######## ....
#............ ...
#.........>.. #.##
#............
#..###............
#.................


You could see a steam dragon (catching breath) and a white imp.

Vanquished Creatures
  An orc knight (Bailey)
  An unseen horror (D:7)
  Prince Ribbit (D:8)
  Grinder (D:6)
  Menkaure (D:7)
  Duvessa (D:6)
  2 black bears (D:5)
  2 ice beasts
  A sky beast (D:8)
  5 orc warriors
  2 centaurs
  Blork the orc (D:6)
  4 bullfrogs
  A wyvern zombie (D:6)
  2 scorpions
  A water moccasin zombie (D:5)
  Dowan (D:6)
  A water moccasin skeleton (D:5)
  9 killer bees
  4 wights (D:7)
  2 howler monkeys
  A bullfrog zombie (D:5)
  A centaur zombie (D:4)
  A bullfrog skeleton (D:6)
  2 hounds
  3 orc priests
  2 centaur skeletons
  A gnoll shaman (D:8)
  4 iguanas
  Terence (D:2)
  6 orc wizards
  A howler monkey zombie (D:7)
  A howler monkey skeleton (D:4)
  A gnoll (Bailey)
  2 adders
  2 white imps (D:8)
  An ufetubus (D:5)
  2 adder skeletons (D:4)
  A worm (D:3)
  2 dart slugs
  28 orcs
  A ball python (D:1)
  6 endoplasms
  A giant cockroach (D:3)
  14 goblins
  6 hobgoblins
  3 quokkas
  5 bats
  2 frilled lizards
  20 kobolds
  5 rats
  A spectral orc (D:6)
171 creatures vanquished.

Vanquished Creatures (others)
  13 plants
13 creatures vanquished.

Grand Total: 184 creatures vanquished

Notes
Turn   | Place    | Note
-------+----------+-------------------------------------------
     0 | D:1      | Peloso the Minotaur Fighter began the quest for the Orb.
     0 | D:1      | Reached XP level 1. HP: 19/19 MP: 0/0
    31 | D:1      | You fall into a shaft and drop 1 floor!
   310 | D:2      | Found a glowing silver altar of Zin.
   396 | D:2      | Reached XP level 2. HP: 27/27 MP: 1/1
   860 | D:2      | Noticed Terence
   870 | D:2      | Killed Terence
   871 | D:2      | Reached XP level 3. HP: 31/33 MP: 2/2
  1202 | D:2      | Reached XP level 4. HP: 40/40 MP: 3/3
  1329 | D:3      | Reached XP level 5. HP: 43/46 MP: 4/4
  1370 | D:1      | Found a faded altar of an unknown god.
  2711 | D:3      | Found a glowing silver altar of Zin.
  2712 | D:3      | Found an opulent altar of Gozag.
  3008 | D:4      | Reached skill level 5 in Long Blades
  3008 | D:4      | Reached skill level 5 in Armour
  3008 | D:4      | Reached skill level 1 in Dodging
  3012 | D:4      | Reached XP level 6. HP: 44/53 MP: 5/5
  3704 | D:4      | Reached skill level 5 in Fighting
  3915 | D:4      | Found a snail-covered altar of Cheibriados.
  3915 | D:4      | Found a shimmering altar of Xom.
  3945 | D:5      | Entered Level 5 of the Dungeon
  4133 | D:5      | Reached XP level 7. HP: 36/61 MP: 6/6
  4284 | D:5      | Identified the +2 leather armour of the Camelopard {Drain
                  | rElec rPois Int-4 Dex+8}
  4456 | D:5      | Reached skill level 5 in Shields
  5095 | D:6      | Found a basalt altar of Yredelemnul.
  5184 | D:6      | Noticed Grinder
  5207 | D:6      | Killed Grinder
  5208 | D:6      | Reached XP level 8. HP: 47/70 MP: 7/7
  5431 | D:6      | Found a staircase to the Ecumenical Temple.
  5433 | D:6      | Noticed Dowan
  5434 | D:6      | Noticed Duvessa
  5438 | Temple   | Entered the Ecumenical Temple
  5584 | D:6      | Killed Duvessa
  5591 | D:6      | Killed Dowan
  5914 | D:6      | Noticed Blork the orc
  5923 | D:6      | Killed Blork the orc
  6037 | D:6      | Found an ornate altar of the Wu Jian Council.
  6123 | D:6      | Found a hazy altar of Hepliaklqana.
  6710 | D:7      | Found a flagged portal.
  6721 | Bailey   | Entered a bailey
  6871 | Bailey   | Noticed an orc knight
  6905 | Bailey   | Reached XP level 9. HP: 74/74 MP: 8/8
  7172 | Bailey   | Reached skill level 1 in Stealth
  7350 | Bailey   | Killed an orc knight
  7868 | D:7      | Noticed Menkaure
  7874 | D:7      | Killed Menkaure
  8272 | D:7      | Killed an unseen horror
  8693 | D:7      | Reached skill level 1 in Evocations
  9099 | D:8      | Noticed Prince Ribbit
  9107 | D:8      | Reached XP level 10. HP: 84/88 MP: 9/9
  9130 | D:8      | Killed Prince Ribbit
  9161 | D:8      | Killed from afar by a steam dragon

Illustrated notes

Levels and vault maps discovered:
D:1:      lightli_arrival_statue_moat, layout_rooms,
          chequers_ecumenical_altar_simple_redux
D:2:      layout_basic, basic_altar, uniq_terence
D:3:      layout_loops_ring, grunt_temple_overflow_gold_and_silver,
          chequers_big_river, grunt_ministairs_6,
          nicolae_concentric_dashed_squares_wild
D:4:      layout_basic, gammafunk_temple_overflow_elements
D:5:      layout_cave_pools
D:6:      layout_rooms, nicolae_hepliaklqana_hazy_memory, kennysheep_mini_moat,
          yredelemnul_forgotten_temple_becter, minmay_temple_entry_overgrown,
          uniq_blork_the_orc, uniq_duvessa, uniq_grinder
D:7:      layout_gridville, enter_bailey_4, uniq_menkaure
D:8:      layout_basic, tso_altar, marbit_many_paths, uniq_prince_ribbit1
Temple:   pf_slimified_temple

Skill      XL: |  1  2  3  4  5  6  7  8  9 |
---------------+----------------------------+-----
Armour         | 4 5 7 9 |  9.5
Fighting       | 4 5 6 7 8 |  8.0
Long Blades    | 3 4 5 7 8 9 |  9.8
Shields        | 4 5 7 9 |  9.5
Dodging        | 1 2 |  2.8
Stealth        | 1 |  1.5
Evocations     | 1 |  1.0

Action                   |  1- 3 |  4- 6 |  7- 9 | 10-12 || total
-------------------------+-------+-------+-------+-------++-------
Melee: Long sword        |    65 |   179 |   292 |    37 ||   573
       Headbutt          |     6 |    28 |    59 |    11 ||   104
Evoke: Wand              |       |       |     6 |     2 ||     8
  Use: Scroll            |       |       |    11 |       ||    11
       Potion            |       |       |     6 |       ||     6
Armor: Scale mail        |    32 |    54 |       |       ||    86
       Chain mail        |       |    68 |   126 |       ||   194
       Plate armour      |       |       |    75 |    18 ||    93
Dodge: Dodged            |    27 |    53 |   117 |     9 ||   206
Block: Buckler           |    14 |    46 |   219 |    16 ||   295
       Reflection        |       |       |    26 |       ||    26
